 Dungeon Crawl Stone Soup version 0.28.0-1-gb440e238dd (webtiles) character file.

Game seed: 10404759576286803153

163 fknight the Shield-Bearer (level 5, -5/45 HPs)
             Began as a Demigod Fighter on Feb 20, 2022.
             Slain by Crazy Yiuf (16 damage)
             ... on level 2 of the Dungeon.
             The game lasted 00:09:23 (2422 turns).

fknight the Shield-Bearer (Demigod Fighter)         Turns: 2422, Time: 00:09:24

Health: -5/45      AC:  8    Str: 17    XL:     5   Next: 0%
Magic:  7/7        EV:  9    Int: 10    God:
Gold:   81         SH:  5    Dex: 17    Spells: 4/4 levels left

rFire   . . .      SeeInvis .   p - +4 dagger (venom)
rCold   . . .      Faith    .   c - +0 buckler
rNeg    . . .      Spirit   .   b - +0 scale mail
rPois   .          Reflect  .   r - +0 helmet
rElec   .          Harm     .   (no cloak)
rCorr   .          Rampage  .   (no gloves)
Will    .....                   (no boots)
Stlth   ..........              (no amulet)
HPRegen 0.15/turn               (no ring)
MPRegen 0.10/turn               (no ring)

@: studying Dodging
A: high MP 1, forlorn, divine attributes
a: no special abilities


You were on level 2 of the Dungeon.
You visited 1 branch of the dungeon, and saw 2 of its levels.

You collected 81 gold pieces.

Inventory:

Hand Weapons
 a - a +0 rapier
 i - a +0 dagger of electrocution
 m - a +2 dagger of venom
 o - a +0 hunting sling
 p - a +4 dagger of venom (weapon)
Missiles
 e - 30 arrows
 f - 27 bolts
 k - 3 poisoned darts
 l - 61 stones (quivered)
Armour
 b - a +0 scale mail (worn)
 c - a +0 buckler (worn)
 r - a +0 helmet (worn)
Scrolls
 h - 4 scrolls of identify {unknown}
 n - a scroll of magic mapping {unknown}
Potions
 d - a potion of might
 g - a potion of curing
 j - a potion of resistance {unknown}
 q - a potion of cancellation {unknown}
 s - a potion of heal wounds {unknown}


   Skills:
 + Level 3.2 Fighting
 + Level 3.1 Short Blades
 + Level 3.4 Armour
 + Level 1.1 Dodging
 + Level 0.1 Stealth
 + Level 3.6 Shields


You had 4 spell levels left.
You didn't know any spells.
Your spell library contained the following spells:

 Spells                   Type           Power      Damage    Failure   Level
 Dazzling Flash           Conj/Hex       0%         N/A       99%         3
 Inner Flame              Hex/Fire       0%         N/A       99%         3
 Cause Fear               Hex            0%         N/A       100%        4
 Iskenderun's Mystic Bla  Conj/Tloc      0%         2d3       100%        4
 Starburst                Conj/Fire      0%         6d3       100%        6
 Discord                  Hex            0%         N/A       100%        8


Dungeon Overview and Level Annotations

Branches:
Dungeon (2/15)

Annotations:
D:2 Crazy Yiuf


Innate Abilities, Weirdness & Mutations

You have an increased reservoir of magic. (+10% MP)
You shall have no god before yourself.
Your divine heritage dramatically boosts your attributes as you level up.


Message History

The bat hits you but does no damage.
You hit the bat.
You kill the bat!
There is a stone staircase leading down here.
There is a stone staircase leading down here.
Things that are here:
a +0 dagger; a +0 robe
Things that are here:
a +0 dagger; a +0 robe You see here a jackal skeleton.
You see here a +0 dagger.
You see here a +0 dagger.
Found a short sword.
Found a book of Spectacle.
You now have 81 gold pieces (gained 12).
You see here a +0 short sword.
You pick up a book of Spectacle and begin reading...
You add the spells Dazzling Flash, Iskenderun's Mystic Blast and Starburst to your library.
Found a mace.
Found a runed translucent door.
Crazy Yiuf shouts!
You open the door. You hit Crazy Yiuf.
Crazy Yiuf is poisoned.
Crazy Yiuf is moderately wounded.
Crazy Yiuf hits you with a +2 quarterstaff of chaos.
You hit Crazy Yiuf but do no damage.
Crazy Yiuf looks as sick as possible!
Crazy Yiuf is moderately wounded.
Crazy Yiuf barely misses you.
You closely miss Crazy Yiuf.
Crazy Yiuf is moderately wounded.
Crazy Yiuf hits you with a +2 quarterstaff of chaos!
You are electrocuted!!
* * * LOW HITPOINT WARNING * * *
You hit Crazy Yiuf.
Crazy Yiuf looks as sick as possible!
Crazy Yiuf is severely wounded.
Crazy Yiuf barely misses you.
You hit Crazy Yiuf but do no damage.
Crazy Yiuf is severely wounded.
Crazy Yiuf yells, "Ghoul!
Dawk shoe return to song."
Crazy Yiuf hits you with a +2 quarterstaff of chaos!
You die...

.#####........#.###..)....###.#
.# #.#..#....÷.........#....#
.#####...##..............#.##.#
>.##.....################..##.#
#.##.....# #####.# ......#..#
♣♣♣♣♣### #.## .........# ###
♣♣♣.♣..#.####..## .........#
#...#♣..♣.PP..........
....#....#
#...g@♣♣♣♣P...........
.........# #)..#♣♣
♣♣.#......... ....#....# ###
♣♣###.....). ..#......#
#....... .........# ###.####
#..#.....########## #####.#
................#.# .#....#
...............##.#####...####
...............#..##.......#


You could see Crazy Yiuf (extremely poisoned).

Vanquished Creatures
  Jessica (D:2)
  An orc wizard (D:2)
  Robin (D:2)
  A gnoll (D:1)
  An adder (D:2)
  3 worms (D:2)
  3 orcs (D:2)
  5 endoplasms
  3 giant cockroaches
  12 goblins
  10 hobgoblins
  6 jackals (D:2)
  2 quokkas (D:1)
  6 ball pythons
  5 bats
  A frilled lizard (D:2)
  3 kobolds
  5 rats
69 creatures vanquished.

Notes
Turn   | Place    | Note
-------+----------+-------------------------------------------
     0 | D:1      | fknight the Demigod Fighter began the quest for the Orb.
     0 | D:1      | Reached XP level 1. HP: 18/18 MP: 3/3
   274 | D:1      | Reached XP level 2. HP: 24/25 MP: 4/4
   801 | D:1      | Reached XP level 3. HP: 30/31 MP: 5/5
   990 | D:2      | Noticed Jessica
   992 | D:2      | Killed Jessica
  1271 | D:2      | Reached XP level 4. HP: 20/38 MP: 6/6
  1578 | D:2      | Noticed Robin
  1589 | D:2      | Killed Robin
  2080 | D:2      | Reached skill level 1 in Dodging
  2130 | D:2      | Reached XP level 5. HP: 32/45 MP: 7/7
  2413 | D:2      | Found a runed translucent door.
  2414 | D:2      | Noticed Crazy Yiuf
  2422 | D:2      | Slain by Crazy Yiuf

Illustrated notes

Levels and vault maps discovered:
D:1:      shiori_arrival_oz, layout_basic
D:2:      layout_rooms, minmay_3d_cube, uniq_robin, uniq_jessica,
          uniq_crazy_yiuf_cottage

Skill      XL: |  1  2  3  4 |
---------------+-------------+-----
Shields        | 3 |  3.6
Short Blades   | 2 3 |  3.1
Fighting       | 3 |  3.2
Armour         | 3 |  3.4
Dodging        | 1 |  1.1
Stealth        | |  0.1

Action                   |  1- 3 |  4- 6 || total
-------------------------+-------+-------++-------
Melee: Rapier            |    85 |    23 ||   108
       Dagger            |       |    80 ||    80
Throw: Dart              |       |     3 ||     3
       Stone             |       |     1 ||     1
Armor: Scale mail        |    26 |    34 ||    60
Dodge: Dodged            |    32 |    45 ||    77
Block: Buckler           |    13 |    33 ||    46
